Los Angeles Kings vs Colorado Rockies
Created - Saturday, November 23, 2024 at 06:45
Goals
|
| Los Angeles Kings |
0 |
3 |
0 |
3 |
| Colorado Rockies |
2 |
1 |
3 |
6 |
|
Shots
|
| Los Angeles Kings |
10 |
15 |
4 |
29 |
| Colorado Rockies |
10 |
12 |
22 |
44 |
|
1st period
1. Colorado Rockies , Jesper Bratt 33 (Nick Schmaltz 25, Nikita Kucherov 45) at 8:30
2. Colorado Rockies , Jesper Bratt 34 (Ryan O'Reilly 48, Nikita Kucherov 46) at 16:45 (PP)
Penalties :
Victor Hedman (COL) for Delaying the game (Minor) at 9:06, Andrei Svechnikov (LAK) for Delaying the game (Minor) at 16:37, Vince Dunn (COL) for Roughing (Minor) at 17:18
2nd period
3. Los Angeles Kings , Andrei Kuzmenko 28 (Seth Jarvis 33, Noah Dobson 21) at 1:15 (SH)
4. Los Angeles Kings , Logan Cooley 17 (Seth Jarvis 34) at 5:41
5. Los Angeles Kings , Andrei Kuzmenko 29 (Michael Eyssimont 18, Noah Dobson 22) at 8:58
6. Colorado Rockies , Tim Stutzle 24 (Kyle Connor 21, David Pastrnak 40) at 11:25
Penalties :
Andrei Svechnikov (LAK) for Holding (Minor) at 0:13, Quinn Hughes (COL) for Tripping (Minor) at 14:13
3rd period
7. Colorado Rockies , Nikita Kucherov 41 (Ryan O'Reilly 49) at 7:02 (PP)
8. Colorado Rockies , Vince Dunn 2 (Nick Schmaltz 26, Nikita Kucherov 47) at 19:28
9. Colorado Rockies , Nick Bonino 9 (Evgeny Kuznetsov 8, Victor Hedman 15) at 19:34
Penalties :
Vitali Kravtsov (LAK) for Delaying the game (Minor) at 7:00, Quinn Hughes (COL) for Interference (Minor) at 12:18, Vince Dunn (COL) for Hooking (Minor) at 17:07
Goalie Stats
Andrei Vasilevskiy (LAK), 38 saves from 44 shots - (0.864), L, 11-22-4, 60:00 minutes
Daniil Tarasov (COL), 26 saves from 29 shots - (0.897), W, 10-13-3, 60:00 minutes
Players Stats for Los Angeles Kings
Player Name G A P +/- PIM S H SB GA TA FO MP PP MP PK MP
------------------------------------------------------------------------------------
Adam Fantilli 0 0 0 0 0 1 5 1 0 0 7/20 18:03 4:48 0:00
Alexander Romanov 0 0 0 -1 0 1 0 0 0 2 0/0 23:38 5:24 1:10
Andrei Kuzmenko 2 0 2 -1 0 5 0 3 1 0 0/8 18:08 4:56 1:00
Andrei Svechnikov 0 0 0 0 4 0 1 2 0 1 1/3 18:31 4:53 0:00
Blake Wheeler 0 0 0 0 0 2 0 1 0 0 1/2 6:51 0:00 0:00
Erik Brannstrom 0 0 0 1 0 1 0 1 0 2 0/0 14:14 0:00 0:00
Jakub Zboril 0 0 0 1 0 0 1 3 0 0 0/0 14:14 0:00 0:00
K'Andre Miller 0 0 0 -1 0 2 4 0 0 1 0/0 22:08 4:31 0:59
Logan Cooley 1 0 1 0 0 1 1 0 1 0 4/14 15:05 0:06 0:00
Michael Eyssimont 0 1 1 -3 0 4 3 2 0 0 4/12 13:52 0:00 0:46
Michael Milne 0 0 0 0 0 2 2 1 0 0 2/2 22:23 4:53 0:00
Noah Dobson 0 2 2 -1 0 3 0 2 0 0 0/0 22:08 4:31 0:59
Owen Power 0 0 0 -1 0 2 0 2 2 2 0/0 23:38 5:24 1:10
Peyton Krebs 0 0 0 0 0 0 0 0 0 0 1/1 20:14 4:45 0:23
Ryan Reaves 0 0 0 0 0 0 0 0 0 0 0/0 3:34 0:22 0:00
Seth Jarvis 0 2 2 1 0 2 1 1 1 0 0/1 20:59 5:02 1:09
Trent Frederic 0 0 0 1 0 3 1 0 0 0 0/0 7:53 0:00 1:00
Vitali Kravtsov 0 0 0 -2 2 0 0 0 0 0 0/0 12:15 0:00 0:00
Players Stats for Colorado Rockies
Player Name G A P +/- PIM S H SB GA TA FO MP PP MP PK MP
------------------------------------------------------------------------------------
Andrew Peeke 0 0 0 2 0 0 1 1 0 0 0/0 19:51 0:00 3:37
David Pastrnak 0 1 1 1 0 3 1 1 2 0 0/1 20:12 1:04 5:02
Evgeny Kuznetsov 0 1 1 1 0 1 0 0 0 0 0/1 7:58 0:00 0:00
Jesper Bratt 2 0 2 -2 0 8 0 0 2 0 1/3 17:15 1:05 4:41
Kevin Hayes 0 0 0 2 0 1 0 0 0 0 5/7 8:12 0:00 0:00
Kyle Connor 0 1 1 1 0 4 0 0 1 0 1/1 15:07 1:04 0:12
Kyle Palmieri 0 0 0 0 0 3 0 1 0 0 0/0 13:31 0:00 0:00
Martin Fehervary 0 0 0 -1 0 2 1 3 0 2 0/0 21:23 0:00 4:21
Michael Bunting 0 0 0 -1 0 0 0 0 0 0 0/1 11:14 0:00 0:00
Nick Bonino 1 0 1 2 0 1 1 0 0 0 2/2 9:29 1:04 0:00
Nick Schmaltz 0 2 2 0 0 0 1 0 0 0 5/6 11:28 0:00 0:00
Nikita Kucherov 1 3 4 -1 0 8 1 1 1 0 4/6 20:41 1:05 5:02
Nikita Zadorov 0 0 0 1 0 2 1 0 0 1 0/0 20:14 1:08 4:28
Quinn Hughes 0 0 0 -2 4 0 0 2 0 0 0/0 21:41 1:01 3:13
Ryan O'Reilly 0 2 2 -1 0 4 3 0 1 0 17/19 19:32 1:05 4:41
Tim Stutzle 1 0 1 1 0 3 1 0 0 1 8/16 14:03 0:00 0:12
Victor Hedman 0 1 1 1 2 3 1 1 1 0 0/0 22:10 1:08 4:11
Vince Dunn 1 0 1 1 4 1 1 0 0 1 0/0 15:59 1:01 0:00
3 Stars
1 - Nikita Kucherov (COL)
2 - Nick Bonino (COL)
3 - Jesper Bratt (COL)
Power Play
Los Angeles Kings - 0 on 5 Attempt(s) - 0.00%
Colorado Rockies - 2 on 3 Attempt(s) - 66.67%
Penalty Kill
Los Angeles Kings - 1 on 3 Attempt(s) - 33.33%
- Score 1 goal in Penalty Kill
Colorado Rockies - 5 on 5 Attempt(s) - 100.00%
- Score 0 goal in Penalty Kill
Team Stat
Los Angeles Kings - Hits : 19 - Faceoff Wins : 20 - Blocked Shots : 19 - Penalty Minutes : 6
Colorado Rockies - Hits : 13 - Faceoff Wins : 43 - Blocked Shots : 10 - Penalty Minutes : 10
Official
Referees : Conor O'Donnell and Jean Hebert
Linesman : Julien Fournier and Ryan Gibbons
Game Notes
No Game Note
Finance
Level 1 -- Attendance: 5509 (91.82%) -- Ticket Income $495,810
Level 2 -- Attendance: 4889 (97.78%) -- Ticket Income $268,895
Level 3 -- Attendance: 2292 (76.40%) -- Ticket Income $80,220
Level 4 -- Attendance: 3500 (70.00%) -- Ticket Income $87,500
Luxury Box -- Attendance: 1000 (100.00%) -- Ticket Income $175,000
Game was played at the Pepsi Center.
Total Attendance: 17190 (85.95%)
Total Ticket Income: $1,107,425
Other Income: $387,599
Total Income: $1,495,024
Los Angeles Kings
5 vs 5 Forward
Center Left Wing Right Wing Time % Phy DF OF
1 Logan Cooley Peyton Krebs Seth Jarvis 30 1 2 2
2 Adam Fantilli Michael Milne Andrei Svechnikov 30 1 2 2
3 Michael Eyssimont Vitali Kravtsov Andrei Kuzmenko 25 1 2 2
4 Blake Wheeler Michael Milne Trent Frederic 15 1 2 2
5 vs 5 Defense
Defense Defense Time % Phy DF OF
1 Noah Dobson K'Andre Miller 35 1 2 2
2 Alexander Romanov Owen Power 35 1 2 2
3 Erik Brannstrom Jakub Zboril 30 1 2 2
4 Noah Dobson K'Andre Miller 0 1 2 2
PowerPlay Forward
Center Left Wing Right Wing Time % Phy DF OF
1 Andrei Kuzmenko Peyton Krebs Seth Jarvis 50 1 2 2
2 Adam Fantilli Michael Milne Andrei Svechnikov 50 1 2 2
PowerPlay Defense
Defense Defense Time % Phy DF OF
1 Noah Dobson K'Andre Miller 50 1 2 2
2 Alexander Romanov Owen Power 50 1 2 2
Penalty Kill 4 Players Forward
Center Wing Time % Phy DF OF
1 Seth Jarvis Andrei Svechnikov 50 1 2 2
2 Andrei Kuzmenko Trent Frederic 50 1 2 2
Penalty Kill 4 Players Defense
Defense Defense Time % Phy DF OF
1 Noah Dobson K'Andre Miller 50 1 2 2
2 Alexander Romanov Owen Power 50 1 2 2
Penalty Kill - 3 Players Forward
Forward Time % Phy DF OF
1 Seth Jarvis 50 1 2 2
2 Andrei Svechnikov 50 1 2 2
Penalty Kill - 3 Players Defense
Defense Defense Time % Phy DF OF
1 Noah Dobson K'Andre Miller 50 1 2 2
2 Alexander Romanov Owen Power 50 1 2 2
4 vs 4 Forward
Center Wing Time % Phy DF OF
1 Seth Jarvis Andrei Svechnikov 50 1 2 2
2 Andrei Kuzmenko Trent Frederic 50 1 2 2
4 vs 4 Defense
Defense Defense Time % Phy DF OF
1 Noah Dobson K'Andre Miller 50 1 2 2
2 Alexander Romanov Owen Power 50 1 2 2
Last Minutes Offensive
Center Left Wing Right Wing Defense Defense
Logan Cooley Peyton Krebs Seth Jarvis Noah Dobson K'Andre Miller
Last Minutes Defensive
Center Left Wing Right Wing Defense Defense
Logan Cooley Peyton Krebs Seth Jarvis Noah Dobson K'Andre Miller
Goaltenders
Starting : Andrei Vasilevskiy
Backup : Jonas Johansson
Extra Forwards
Normal : Seth Jarvis, Ryan Reaves, Michael Eyssimont - PP : Seth Jarvis, Ryan Reaves - PK : Michael Eyssimont
Extra Defensemen
Normal : Noah Dobson, Jakub Zboril, Alexander Romanov - PP : K'Andre Miller - PK : Jakub Zboril, Alexander Romanov
Penalty Shots
Seth Jarvis, Andrei Svechnikov, Andrei Kuzmenko, Trent Frederic, Peyton Krebs
Scratches
Ruslan Iskhakov (Healthy), Cooper Marody (Healthy), Nicklas Backstrom (Healthy), Joshua Brown (Healthy)
Colorado Rockies
5 vs 5 Forward
Center Left Wing Right Wing Time % Phy DF OF
1 Ryan O'Reilly Kyle Palmieri Nikita Kucherov 30 1 2 2
2 Tim Stutzle Kyle Connor David Pastrnak 30 1 2 2
3 Nick Schmaltz Jesper Bratt Michael Bunting 25 1 2 2
4 Kevin Hayes Nick Bonino Evgeny Kuznetsov 15 1 2 2
5 vs 5 Defense
Defense Defense Time % Phy DF OF
1 Victor Hedman Nikita Zadorov 35 1 2 2
2 Quinn Hughes Martin Fehervary 35 1 2 2
3 Vince Dunn Andrew Peeke 30 1 2 2
4 Andrew Peeke Vince Dunn 0 1 2 2
PowerPlay Forward
Center Left Wing Right Wing Time % Phy DF OF
1 Ryan O'Reilly Jesper Bratt Nikita Kucherov 50 1 2 2
2 Nick Bonino Kyle Connor David Pastrnak 50 1 2 2
PowerPlay Defense
Defense Defense Time % Phy DF OF
1 Vince Dunn Quinn Hughes 50 1 2 2
2 Nikita Zadorov Victor Hedman 50 1 2 2
Penalty Kill 4 Players Forward
Center Wing Time % Phy DF OF
1 Nikita Kucherov David Pastrnak 50 1 2 2
2 Ryan O'Reilly Jesper Bratt 50 1 2 2
Penalty Kill 4 Players Defense
Defense Defense Time % Phy DF OF
1 Victor Hedman Quinn Hughes 50 1 2 2
2 Nikita Zadorov Martin Fehervary 50 1 2 2
Penalty Kill - 3 Players Forward
Forward Time % Phy DF OF
1 Nikita Kucherov 50 1 2 2
2 David Pastrnak 50 1 2 2
Penalty Kill - 3 Players Defense
Defense Defense Time % Phy DF OF
1 Victor Hedman Quinn Hughes 50 1 2 2
2 Nikita Zadorov Martin Fehervary 50 1 2 2
4 vs 4 Forward
Center Wing Time % Phy DF OF
1 Ryan O'Reilly David Pastrnak 50 1 2 2
2 Nick Schmaltz Nikita Kucherov 50 1 2 2
4 vs 4 Defense
Defense Defense Time % Phy DF OF
1 Victor Hedman Quinn Hughes 50 1 2 2
2 Nikita Zadorov Martin Fehervary 50 1 2 2
Last Minutes Offensive
Center Left Wing Right Wing Defense Defense
Ryan O'Reilly Jesper Bratt Nikita Kucherov Victor Hedman Quinn Hughes
Last Minutes Defensive
Center Left Wing Right Wing Defense Defense
Ryan O'Reilly Jesper Bratt Nikita Kucherov Victor Hedman Quinn Hughes
Goaltenders
Starting : Daniil Tarasov
Backup : Joey Daccord
Extra Forwards
Normal : Nick Bonino, Kevin Hayes, Nikita Kucherov - PP : Nick Bonino, Kevin Hayes - PK : Nikita Kucherov
Extra Defensemen
Normal : Vince Dunn, Andrew Peeke, Nikita Zadorov - PP : Vince Dunn - PK : Andrew Peeke, Nikita Zadorov
Penalty Shots
Nikita Kucherov, David Pastrnak, Nick Bonino, Jesper Bratt, Ryan O'Reilly
Scratches
Jakub Vrana (Healthy)
% Time on Ice - Los Angeles Kings
Lines # - Real PCT - Wanted PCT - Time Play
Normal Forward
1 - 31% - 30% - 14:45
2 - 31% - 30% - 14:34
3 - 25% - 25% - 11:56
4 - 13% - 15% - 6:24
Normal Defense
1 - 35% - 35% - 16:38
2 - 35% - 35% - 16:47
3 - 30% - 30% - 14:14
4 - 0% - 0% - 0:00
PP Forward
1 - 51% - 50% - 5:02
2 - 49% - 50% - 4:53
PP Defense
1 - 46% - 50% - 4:31
2 - 54% - 50% - 5:24
PK Forward
1 - 53% - 50% - 1:09
2 - 47% - 50% - 1:00
PK Defense
1 - 46% - 50% - 0:59
2 - 54% - 50% - 1:10
PK3 Forward
1 - 0% - 50%
2 - 0% - 50%
PK3 Defense
1 - 0% - 50%
2 - 0% - 50%
44 Forward
1 - 0% - 50%
2 - 0% - 50%
44 Defense
1 - 0% - 50%
2 - 0% - 50%
Last Minute Offensive - 0:17
Last Minute Defensive - 0:00
Total
Forward - 60:00
Defense - 60:00
|
% Time on Ice - Colorado Rockies
Lines # - Real PCT - Wanted PCT - Time Play
Normal Forward
1 - 30% - 30% - 14:26
2 - 29% - 30% - 13:56
3 - 24% - 25% - 11:14
4 - 17% - 15% - 7:58
Normal Defense
1 - 35% - 35% - 16:42
2 - 36% - 35% - 17:02
3 - 29% - 30% - 13:50
4 - 0% - 0% - 0:00
PP Forward
1 - 50% - 50% - 1:05
2 - 50% - 50% - 1:04
PP Defense
1 - 47% - 50% - 1:01
2 - 53% - 50% - 1:08
PK Forward
1 - 51% - 50% - 5:02
2 - 49% - 50% - 4:53
PK Defense
1 - 56% - 50% - 5:34
2 - 44% - 50% - 4:21
PK3 Forward
1 - 0% - 50%
2 - 0% - 50%
PK3 Defense
1 - 0% - 50%
2 - 0% - 50%
44 Forward
1 - 0% - 50%
2 - 0% - 50%
44 Defense
1 - 0% - 50%
2 - 0% - 50%
Last Minute Offensive - 0:00
Last Minute Defensive - 0:22
Total
Forward - 60:00
Defense - 60:00
|
Play-by-Play
1st period
0:01 of 1st period - Ryan O'Reilly wins face-off versus Logan Cooley in neutral zone.
0:12 of 1st period - Victor Hedman is hit by Seth Jarvis.
0:32 of 1st period - Snap shot by Logan Cooley.
0:32 of 1st period - Shot Blocked by Quinn Hughes.
0:50 of 1st period - Tim Stutzle is hit by K'Andre Miller.
1:52 of 1st period - Snap shot by Kyle Connor.
1:52 of 1st period - Stopped by Andrei Vasilevskiy without a rebound.
1:53 of 1st period - Michael Eyssimont wins face-off versus Tim Stutzle in Los Angeles Kings zone.
2:45 of 1st period - Wrist shot by Nikita Kucherov.
2:45 of 1st period - Shot Misses the Net.
2:47 of 1st period - Snap shot by Ryan O'Reilly.
2:47 of 1st period - Deflect By Nikita Kucherov.
2:47 of 1st period - Stopped by Andrei Vasilevskiy with a rebound.
2:49 of 1st period - Slapshot by Nikita Kucherov.
2:49 of 1st period - Deflect By Kyle Palmieri.
2:49 of 1st period - Shot Misses the Net.
2:49 of 1st period - Puck is out of play.
2:50 of 1st period - Michael Eyssimont wins face-off versus Kevin Hayes in Los Angeles Kings zone.
2:54 of 1st period - Off-side.
2:55 of 1st period - Kevin Hayes wins face-off versus Michael Eyssimont in neutral zone.
3:20 of 1st period - Jakub Zboril is hit by Nick Schmaltz and loses puck.
3:57 of 1st period - Wrist shot by Michael Eyssimont.
3:57 of 1st period - Shot Blocked by Kyle Palmieri.
4:00 of 1st period - Icing by Andrew Peeke.
4:01 of 1st period - Ryan O'Reilly wins face-off versus Adam Fantilli in Colorado Rockies zone.
4:12 of 1st period - Snap shot by Ryan O'Reilly.
4:12 of 1st period - Stopped by Andrei Vasilevskiy without a rebound.
4:13 of 1st period - Adam Fantilli wins face-off versus Tim Stutzle in Los Angeles Kings zone.
4:46 of 1st period - Snap shot by Seth Jarvis.
4:46 of 1st period - Shot Misses the Net.
5:03 of 1st period - Wrist shot by Blake Wheeler.
5:03 of 1st period - Shot Misses the Net.
5:05 of 1st period - Slapshot by Erik Brannstrom.
5:05 of 1st period - Stopped by Daniil Tarasov without a rebound.
5:06 of 1st period - Tim Stutzle wins face-off versus Logan Cooley in Colorado Rockies zone.
5:21 of 1st period - Snap shot by Kyle Connor.
5:21 of 1st period - Shot Blocked by Owen Power.
5:33 of 1st period - Ryan O'Reilly is hit by Adam Fantilli and loses puck.
5:40 of 1st period - Wrist shot by Adam Fantilli.
5:40 of 1st period - Shot Misses the Net.
5:56 of 1st period - Snap shot by Nick Schmaltz.
5:56 of 1st period - Shot Blocked by Noah Dobson.
5:58 of 1st period - Slapshot by Jesper Bratt.
5:58 of 1st period - Stopped by Andrei Vasilevskiy without a rebound.
5:59 of 1st period - Nick Schmaltz wins face-off versus Logan Cooley in Los Angeles Kings zone.
6:08 of 1st period - Wrist shot by Seth Jarvis.
6:08 of 1st period - Deflect By Quinn Hughes.
6:08 of 1st period - Stopped by Daniil Tarasov without a rebound.
6:09 of 1st period - Logan Cooley wins face-off versus Tim Stutzle in Colorado Rockies zone.
6:12 of 1st period - Snap shot by Seth Jarvis.
6:12 of 1st period - Shot Blocked by Quinn Hughes.
6:14 of 1st period - Slapshot by Owen Power.
6:14 of 1st period - Shot Misses the Net.
6:39 of 1st period - Slapshot by Logan Cooley.
6:39 of 1st period - Shot Blocked by Martin Fehervary.
6:43 of 1st period - Slapshot by Seth Jarvis.
6:43 of 1st period - Deflect By Tim Stutzle.
6:43 of 1st period - Shot Misses the Net.
6:43 of 1st period - Puck is out of play.
6:44 of 1st period - Ryan O'Reilly wins face-off versus Adam Fantilli in Colorado Rockies zone.
7:33 of 1st period - Snap shot by Trent Frederic.
7:33 of 1st period - Stopped by Daniil Tarasov with a rebound.
7:38 of 1st period - Off-side.
7:39 of 1st period - Tim Stutzle wins face-off versus Logan Cooley in neutral zone.
7:42 of 1st period - Noah Dobson is hit by Martin Fehervary and loses puck.
8:05 of 1st period - Ryan O'Reilly is hit by K'Andre Miller and loses puck.
8:28 of 1st period - Snap shot by Nick Schmaltz.
8:28 of 1st period - Shot Misses the Net.
8:30 of 1st period - Slapshot by Nick Schmaltz.
8:30 of 1st period - Deflect By Jesper Bratt.
8:30 of 1st period - Goal by Jesper Bratt - Los Angeles Kings : 0 - Colorado Rockies : 1.
8:31 of 1st period - Michael Milne wins face-off versus Tim Stutzle in neutral zone.
8:42 of 1st period - Wrist shot by Blake Wheeler.
8:42 of 1st period - Stopped by Daniil Tarasov with a rebound.
8:44 of 1st period - Snap shot by Trent Frederic.
8:44 of 1st period - Stopped by Daniil Tarasov without a rebound.
8:45 of 1st period - Ryan O'Reilly wins face-off versus Adam Fantilli in Colorado Rockies zone.
8:52 of 1st period - Snap shot by Ryan O'Reilly.
8:52 of 1st period - Shot Misses the Net.
9:06 of 1st period - Minor Penalty to Victor Hedman for Delaying the game.
9:07 of 1st period - Nikita Kucherov wins face-off versus Andrei Kuzmenko in Colorado Rockies zone.
9:22 of 1st period - Slapshot by Andrei Kuzmenko.
9:22 of 1st period - Shot Misses the Net.
10:48 of 1st period - Nikita Kucherov is hit by Michael Milne and loses puck.
11:06 of 1st period - Penalty to Victor Hedman is over, Victor Hedman is back on ice.
11:14 of 1st period - Wrist shot by Ryan O'Reilly.
11:14 of 1st period - Stopped by Andrei Vasilevskiy with a rebound.
11:32 of 1st period - Andrew Peeke is hit by Jakub Zboril and loses puck.
13:13 of 1st period - Snap shot by Kevin Hayes.
13:13 of 1st period - Shot Misses the Net.
14:03 of 1st period - Wrist shot by Kevin Hayes.
14:03 of 1st period - Stopped by Andrei Vasilevskiy without a rebound.
14:04 of 1st period - Michael Milne wins face-off versus Evgeny Kuznetsov in Los Angeles Kings zone.
14:13 of 1st period - Wrist shot by Trent Frederic.
14:13 of 1st period - Stopped by Daniil Tarasov with a rebound.
14:38 of 1st period - Snap shot by Michael Eyssimont.
14:38 of 1st period - Stopped by Daniil Tarasov with a rebound.
15:00 of 1st period - Snap shot by Seth Jarvis.
15:00 of 1st period - Stopped by Daniil Tarasov with a rebound.
15:02 of 1st period - Slapshot by Alexander Romanov.
15:02 of 1st period - Shot Blocked by Martin Fehervary.
15:04 of 1st period - Snap shot by Peyton Krebs.
15:04 of 1st period - Shot Misses the Net.
15:35 of 1st period - Snap shot by Blake Wheeler.
15:35 of 1st period - Stopped by Daniil Tarasov without a rebound.
15:36 of 1st period - Tim Stutzle wins face-off versus Blake Wheeler in Colorado Rockies zone.
15:51 of 1st period - Backhand shot by Kyle Connor.
15:51 of 1st period - Shot Blocked by Erik Brannstrom.
15:53 of 1st period - Wrist shot by David Pastrnak.
15:53 of 1st period - Stopped by Andrei Vasilevskiy with a rebound.
16:24 of 1st period - Michael Milne is hit by Vince Dunn and loses puck.
16:32 of 1st period - Off-side.
16:33 of 1st period - Ryan O'Reilly wins face-off versus Adam Fantilli in neutral zone.
16:37 of 1st period - Minor Penalty to Andrei Svechnikov for Delaying the game.
16:38 of 1st period - Ryan O'Reilly wins face-off versus Seth Jarvis in Los Angeles Kings zone.
16:43 of 1st period - Snap shot by Jesper Bratt.
16:43 of 1st period - Stopped by Andrei Vasilevskiy with a rebound.
16:45 of 1st period - Wrist shot by Jesper Bratt.
16:45 of 1st period - Goal by Jesper Bratt - Los Angeles Kings : 0 - Colorado Rockies : 2.
16:46 of 1st period - Ryan O'Reilly wins face-off versus Adam Fantilli in neutral zone.
16:51 of 1st period - Wrist shot by Nikita Kucherov.
16:51 of 1st period - Deflect By Kyle Palmieri.
16:51 of 1st period - Shot Misses the Net.
16:51 of 1st period - Puck is out of play.
16:52 of 1st period - Ryan O'Reilly wins face-off versus Adam Fantilli in Los Angeles Kings zone.
16:58 of 1st period - Icing by K'Andre Miller.
16:59 of 1st period - Tim Stutzle wins face-off versus Adam Fantilli in Los Angeles Kings zone.
17:00 of 1st period - Snap shot by David Pastrnak.
17:00 of 1st period - Shot Blocked by Michael Milne.
17:18 of 1st period - Minor Penalty to Vince Dunn for Roughing.
17:19 of 1st period - Nikita Kucherov wins face-off versus Andrei Kuzmenko in Colorado Rockies zone.
19:18 of 1st period - Penalty to Vince Dunn is over, Vince Dunn is back on ice.
19:35 of 1st period - Snap shot by Owen Power.
19:35 of 1st period - Deflect By Michael Eyssimont.
19:35 of 1st period - Stopped by Daniil Tarasov without a rebound.
19:36 of 1st period - Kevin Hayes wins face-off versus Michael Eyssimont in Colorado Rockies zone.
19:41 of 1st period - Slapshot by Vince Dunn.
19:41 of 1st period - Shot Blocked by Jakub Zboril.
19:59 of 1st period - Wrist shot by Nick Schmaltz.
19:59 of 1st period - Deflect By Erik Brannstrom.
19:59 of 1st period - Shot Blocked by Blake Wheeler.
19:59 of 1st period - Puck is out of play.
Goals for this period are 0 for Los Angeles Kings vs 2 for Colorado Rockies.
Shots for this period are 10 for Los Angeles Kings vs 10 for Colorado Rockies.
2nd period
0:01 of 2nd period - Ryan O'Reilly wins face-off versus Adam Fantilli in neutral zone.
0:13 of 2nd period - Minor Penalty to Andrei Svechnikov for Holding.
0:14 of 2nd period - Nick Bonino wins face-off versus Andrei Kuzmenko in Los Angeles Kings zone.
1:15 of 2nd period - Wrist shot by Andrei Kuzmenko.
1:15 of 2nd period - Goal by Andrei Kuzmenko - Los Angeles Kings : 1 - Colorado Rockies : 2.
1:16 of 2nd period - Nick Bonino wins face-off versus Andrei Kuzmenko in neutral zone.
1:43 of 2nd period - Michael Eyssimont is hit by Nikita Zadorov and loses puck.
2:13 of 2nd period - Penalty to Andrei Svechnikov is over, Andrei Svechnikov is back on ice.
2:32 of 2nd period - Quinn Hughes is hit by Trent Frederic and loses puck.
3:14 of 2nd period - Vince Dunn is hit by Adam Fantilli and loses puck.
3:29 of 2nd period - Peyton Krebs is hit by Andrew Peeke and loses puck.
4:06 of 2nd period - Nikita Zadorov is hit by Michael Milne and loses puck.
4:44 of 2nd period - Icing by Michael Milne.
4:45 of 2nd period - Kevin Hayes wins face-off versus Adam Fantilli in Los Angeles Kings zone.
5:35 of 2nd period - Snap shot by Michael Bunting.
5:35 of 2nd period - Shot Blocked by Seth Jarvis.
5:41 of 2nd period - Wrist shot by Logan Cooley.
5:41 of 2nd period - Goal by Logan Cooley - Los Angeles Kings : 2 - Colorado Rockies : 2.
5:42 of 2nd period - Ryan O'Reilly wins face-off versus Michael Eyssimont in neutral zone.
5:53 of 2nd period - Snap shot by Nikita Kucherov.
5:53 of 2nd period - Stopped by Andrei Vasilevskiy with a rebound.
5:55 of 2nd period - Snap shot by Ryan O'Reilly.
5:55 of 2nd period - Shot Blocked by Michael Eyssimont.
5:57 of 2nd period - Snap shot by Kyle Palmieri.
5:57 of 2nd period - Shot Misses the Net.
5:59 of 2nd period - Snap shot by Kyle Palmieri.
5:59 of 2nd period - Stopped by Andrei Vasilevskiy with a rebound.
6:18 of 2nd period - Wrist shot by David Pastrnak.
6:18 of 2nd period - Stopped by Andrei Vasilevskiy with a rebound.
6:20 of 2nd period - Slapshot by Victor Hedman.
6:20 of 2nd period - Stopped by Andrei Vasilevskiy without a rebound.
6:21 of 2nd period - Ryan O'Reilly wins face-off versus Adam Fantilli in Los Angeles Kings zone.
6:51 of 2nd period - Backhand shot by Seth Jarvis.
6:51 of 2nd period - Shot Blocked by Victor Hedman.
7:11 of 2nd period - Michael Bunting is hit by Michael Eyssimont and loses puck.
8:06 of 2nd period - Andrew Peeke is hit by Andrei Svechnikov and loses puck.
8:13 of 2nd period - Slapshot by Vince Dunn.
8:13 of 2nd period - Shot Blocked by Andrei Svechnikov.
8:15 of 2nd period - Snap shot by Kyle Connor.
8:15 of 2nd period - Stopped by Andrei Vasilevskiy with a rebound.
8:29 of 2nd period - Snap shot by Michael Eyssimont.
8:29 of 2nd period - Shot Blocked by Martin Fehervary.
8:31 of 2nd period - Snap shot by Andrei Kuzmenko.
8:31 of 2nd period - Shot Misses the Net.
8:33 of 2nd period - Slapshot by Owen Power.
8:33 of 2nd period - Stopped by Daniil Tarasov without a rebound.
8:34 of 2nd period - Nick Schmaltz wins face-off versus Michael Eyssimont in Colorado Rockies zone.
8:34 of 2nd period - Nick Schmaltz is hit by Michael Eyssimont.
8:42 of 2nd period - Wrist shot by Andrei Kuzmenko.
8:42 of 2nd period - Stopped by Daniil Tarasov with a rebound.
8:44 of 2nd period - Slapshot by K'Andre Miller.
8:44 of 2nd period - Stopped by Daniil Tarasov with a rebound.
8:58 of 2nd period - Wrist shot by Andrei Kuzmenko.
8:58 of 2nd period - Goal by Andrei Kuzmenko - Los Angeles Kings : 3 - Colorado Rockies : 2.
8:59 of 2nd period - Andrei Svechnikov wins face-off versus David Pastrnak in neutral zone.
9:25 of 2nd period - Icing by Andrei Svechnikov.
9:26 of 2nd period - Ryan O'Reilly wins face-off versus Logan Cooley in Los Angeles Kings zone.
9:55 of 2nd period - Slapshot by Alexander Romanov.
9:55 of 2nd period - Shot Blocked by David Pastrnak.
10:01 of 2nd period - Slapshot by Andrei Kuzmenko.
10:01 of 2nd period - Stopped by Daniil Tarasov with a rebound.
10:03 of 2nd period - Snap shot by Michael Eyssimont.
10:03 of 2nd period - Stopped by Daniil Tarasov with a rebound.
10:15 of 2nd period - Snap shot by Kyle Connor.
10:15 of 2nd period - Shot Misses the Net.
10:35 of 2nd period - Backhand shot by Evgeny Kuznetsov.
10:35 of 2nd period - Stopped by Andrei Vasilevskiy without a rebound.
10:36 of 2nd period - Blake Wheeler wins face-off versus Kevin Hayes in Los Angeles Kings zone.
10:43 of 2nd period - Snap shot by Evgeny Kuznetsov.
10:43 of 2nd period - Shot Misses the Net.
10:45 of 2nd period - Slapshot by Victor Hedman.
10:45 of 2nd period - Deflect By Evgeny Kuznetsov.
10:45 of 2nd period - Shot Misses the Net.
10:45 of 2nd period - Puck is out of play.
10:46 of 2nd period - Logan Cooley wins face-off versus Ryan O'Reilly in Los Angeles Kings zone.
10:46 of 2nd period - Logan Cooley is hit by Victor Hedman.
11:14 of 2nd period - Wrist shot by Michael Eyssimont.
11:14 of 2nd period - Stopped by Daniil Tarasov without a rebound.
11:15 of 2nd period - Michael Eyssimont wins face-off versus Tim Stutzle in Colorado Rockies zone.
11:25 of 2nd period - Snap shot by Tim Stutzle.
11:25 of 2nd period - Goal by Tim Stutzle - Los Angeles Kings : 3 - Colorado Rockies : 3.
11:26 of 2nd period - Adam Fantilli wins face-off versus Nikita Kucherov in neutral zone.
12:19 of 2nd period - Snap shot by Kyle Connor.
12:19 of 2nd period - Stopped by Andrei Vasilevskiy with a rebound.
12:57 of 2nd period - Peyton Krebs is hit by Ryan O'Reilly and loses puck.
13:14 of 2nd period - Jesper Bratt is hit by Adam Fantilli.
13:36 of 2nd period - Wrist shot by Tim Stutzle.
13:36 of 2nd period - Shot Blocked by Andrei Kuzmenko.
13:38 of 2nd period - Slapshot by Nikita Zadorov.
13:38 of 2nd period - Deflect By Tim Stutzle.
13:38 of 2nd period - Shot Blocked by Michael Eyssimont.
13:38 of 2nd period - Puck is out of play.
13:39 of 2nd period - Logan Cooley wins face-off versus Ryan O'Reilly in Los Angeles Kings zone.
13:39 of 2nd period - Logan Cooley is hit by Nikita Kucherov.
13:55 of 2nd period - Snap shot by Seth Jarvis.
13:55 of 2nd period - Shot Misses the Net.
14:05 of 2nd period - Adam Fantilli is hit by Tim Stutzle and loses puck.
14:13 of 2nd period - Minor Penalty to Quinn Hughes for Tripping.
14:14 of 2nd period - Peyton Krebs wins face-off versus Nikita Kucherov in Colorado Rockies zone.
14:19 of 2nd period - Wrist shot by Seth Jarvis.
14:19 of 2nd period - Shot Blocked by Andrew Peeke.
14:21 of 2nd period - Slapshot by Owen Power.
14:21 of 2nd period - Stopped by Daniil Tarasov without a rebound.
14:22 of 2nd period - Nikita Kucherov wins face-off versus Andrei Kuzmenko in Colorado Rockies zone.
16:13 of 2nd period - Penalty to Quinn Hughes is over, Quinn Hughes is back on ice.
16:29 of 2nd period - Wrist shot by Michael Eyssimont.
16:29 of 2nd period - Shot Misses the Net.
17:42 of 2nd period - Wrist shot by Jesper Bratt.
17:42 of 2nd period - Deflect By Nick Schmaltz.
17:42 of 2nd period - Shot Misses the Net.
17:42 of 2nd period - Puck is out of play.
17:43 of 2nd period - Adam Fantilli wins face-off versus Jesper Bratt in Los Angeles Kings zone.
17:54 of 2nd period - Slapshot by Jesper Bratt.
17:54 of 2nd period - Shot Misses the Net.
17:56 of 2nd period - Wrist shot by Jesper Bratt.
17:56 of 2nd period - Shot Blocked by Andrei Svechnikov.
17:58 of 2nd period - Slapshot by Martin Fehervary.
17:58 of 2nd period - Stopped by Andrei Vasilevskiy with a rebound.
18:13 of 2nd period - Snap shot by Andrei Kuzmenko.
18:13 of 2nd period - Stopped by Daniil Tarasov without a rebound.
18:14 of 2nd period - Michael Eyssimont wins face-off versus Jesper Bratt in Colorado Rockies zone.
18:17 of 2nd period - Slapshot by Noah Dobson.
18:17 of 2nd period - Deflect By Quinn Hughes.
18:17 of 2nd period - Stopped by Daniil Tarasov with a rebound.
18:19 of 2nd period - Wrist shot by Noah Dobson.
18:19 of 2nd period - Stopped by Daniil Tarasov without a rebound.
18:20 of 2nd period - Adam Fantilli wins face-off versus Michael Bunting in Colorado Rockies zone.
18:33 of 2nd period - Slapshot by Adam Fantilli.
18:33 of 2nd period - Stopped by Daniil Tarasov with a rebound.
18:35 of 2nd period - Snap shot by Michael Milne.
18:35 of 2nd period - Stopped by Daniil Tarasov with a rebound.
19:25 of 2nd period - Victor Hedman is hit by Adam Fantilli and loses puck.
19:36 of 2nd period - Snap shot by Ryan O'Reilly.
19:36 of 2nd period - Stopped by Andrei Vasilevskiy with a rebound.
19:38 of 2nd period - Wrist shot by Kyle Palmieri.
19:38 of 2nd period - Stopped by Andrei Vasilevskiy with a rebound.
19:40 of 2nd period - Snap shot by Nikita Kucherov.
19:40 of 2nd period - Stopped by Andrei Vasilevskiy with a rebound.
19:58 of 2nd period - Snap shot by Kyle Palmieri.
19:58 of 2nd period - Shot Misses the Net.
Goals for this period are 3 for Los Angeles Kings vs 1 for Colorado Rockies.
Shots for this period are 15 for Los Angeles Kings vs 12 for Colorado Rockies.
3rd period
0:01 of 3rd period - Tim Stutzle wins face-off versus Logan Cooley in neutral zone.
0:11 of 3rd period - Icing by Logan Cooley.
0:12 of 3rd period - Logan Cooley wins face-off versus Tim Stutzle in Los Angeles Kings zone.
0:17 of 3rd period - David Pastrnak is hit by Logan Cooley and loses puck.
1:16 of 3rd period - Off-side.
1:17 of 3rd period - Nick Schmaltz wins face-off versus Andrei Svechnikov in neutral zone.
1:19 of 3rd period - Off-side.
1:20 of 3rd period - Adam Fantilli wins face-off versus Nick Schmaltz in neutral zone.
1:39 of 3rd period - Nick Schmaltz is hit by Adam Fantilli and loses puck.
1:53 of 3rd period - Snap shot by Adam Fantilli.
1:53 of 3rd period - Shot Misses the Net.
2:15 of 3rd period - Slapshot by Jesper Bratt.
2:15 of 3rd period - Stopped by Andrei Vasilevskiy with a rebound.
2:17 of 3rd period - Wrist shot by Nick Schmaltz.
2:17 of 3rd period - Deflect By Jesper Bratt.
2:17 of 3rd period - Shot Misses the Net.
2:17 of 3rd period - Puck is out of play.
2:18 of 3rd period - Tim Stutzle wins face-off versus Michael Eyssimont in Los Angeles Kings zone.
2:19 of 3rd period - Snap shot by David Pastrnak.
2:19 of 3rd period - Shot Blocked by Jakub Zboril.
2:25 of 3rd period - Andrew Peeke is hit by Michael Eyssimont and loses puck.
2:48 of 3rd period - Off-side.
2:49 of 3rd period - Kevin Hayes wins face-off versus Logan Cooley in neutral zone.
3:46 of 3rd period - Trent Frederic is hit by Ryan O'Reilly and loses puck.
4:51 of 3rd period - Wrist shot by David Pastrnak.
4:51 of 3rd period - Stopped by Andrei Vasilevskiy without a rebound.
4:52 of 3rd period - Kyle Connor wins face-off versus Andrei Kuzmenko in Los Angeles Kings zone.
4:57 of 3rd period - Snap shot by Tim Stutzle.
4:57 of 3rd period - Stopped by Andrei Vasilevskiy with a rebound.
4:59 of 3rd period - Slapshot by Victor Hedman.
4:59 of 3rd period - Stopped by Andrei Vasilevskiy with a rebound.
5:01 of 3rd period - Slapshot by Victor Hedman.
5:01 of 3rd period - Shot Blocked by Andrei Kuzmenko.
5:05 of 3rd period - Snap shot by Kyle Connor.
5:05 of 3rd period - Shot Blocked by Jakub Zboril.
5:23 of 3rd period - Slapshot by David Pastrnak.
5:23 of 3rd period - Shot Misses the Net.
5:25 of 3rd period - Snap shot by Victor Hedman.
5:25 of 3rd period - Shot Misses the Net.
5:27 of 3rd period - Slapshot by Kyle Connor.
5:27 of 3rd period - Stopped by Andrei Vasilevskiy with a rebound.
5:29 of 3rd period - Slapshot by Nikita Zadorov.
5:29 of 3rd period - Deflect By Andrei Kuzmenko.
5:29 of 3rd period - Stopped by Andrei Vasilevskiy with a rebound.
5:31 of 3rd period - Slapshot by Nikita Zadorov.
5:31 of 3rd period - Deflect By Tim Stutzle.
5:31 of 3rd period - Stopped by Andrei Vasilevskiy without a rebound.
5:32 of 3rd period - Ryan O'Reilly wins face-off versus Andrei Svechnikov in Los Angeles Kings zone.
5:41 of 3rd period - Wrist shot by Kyle Palmieri.
5:41 of 3rd period - Deflect By Nikita Kucherov.
5:41 of 3rd period - Shot Blocked by Adam Fantilli.
5:41 of 3rd period - Puck is out of play.
5:42 of 3rd period - Ryan O'Reilly wins face-off versus Adam Fantilli in Los Angeles Kings zone.
6:23 of 3rd period - Snap shot by Noah Dobson.
6:23 of 3rd period - Shot Blocked by Nikita Kucherov.
6:27 of 3rd period - Snap shot by Adam Fantilli.
6:27 of 3rd period - Shot Misses the Net.
6:29 of 3rd period - Slapshot by Noah Dobson.
6:29 of 3rd period - Stopped by Daniil Tarasov with a rebound.
6:31 of 3rd period - Snap shot by Michael Milne.
6:31 of 3rd period - Stopped by Daniil Tarasov without a rebound.
6:32 of 3rd period - Nick Schmaltz wins face-off versus Logan Cooley in Colorado Rockies zone.
7:00 of 3rd period - Minor Penalty to Vitali Kravtsov for Delaying the game.
7:01 of 3rd period - Ryan O'Reilly wins face-off versus Andrei Kuzmenko in Los Angeles Kings zone.
7:02 of 3rd period - Wrist shot by Nikita Kucherov.
7:02 of 3rd period - Goal by Nikita Kucherov - Los Angeles Kings : 3 - Colorado Rockies : 4.
7:03 of 3rd period - Adam Fantilli wins face-off versus Tim Stutzle in neutral zone.
7:03 of 3rd period - Adam Fantilli is hit by David Pastrnak.
7:53 of 3rd period - Wrist shot by Nikita Kucherov.
7:53 of 3rd period - Shot Blocked by Andrei Kuzmenko.
7:59 of 3rd period - Wrist shot by Nikita Kucherov.
7:59 of 3rd period - Stopped by Andrei Vasilevskiy without a rebound.
8:00 of 3rd period - Tim Stutzle wins face-off versus Adam Fantilli in Los Angeles Kings zone.
9:12 of 3rd period - Slapshot by K'Andre Miller.
9:12 of 3rd period - Stopped by Daniil Tarasov without a rebound.
9:13 of 3rd period - Tim Stutzle wins face-off versus Logan Cooley in Colorado Rockies zone.
9:28 of 3rd period - Snap shot by David Pastrnak.
9:28 of 3rd period - Shot Misses the Net.
10:04 of 3rd period - Vitali Kravtsov is hit by Nick Bonino and loses puck.
10:33 of 3rd period - Snap shot by Nikita Kucherov.
10:33 of 3rd period - Stopped by Andrei Vasilevskiy without a rebound.
10:34 of 3rd period - Ryan O'Reilly wins face-off versus Logan Cooley in Los Angeles Kings zone.
10:51 of 3rd period - Wrist shot by Nikita Kucherov.
10:51 of 3rd period - Stopped by Andrei Vasilevskiy with a rebound.
10:53 of 3rd period - Slapshot by Nikita Kucherov.
10:53 of 3rd period - Stopped by Andrei Vasilevskiy with a rebound.
10:55 of 3rd period - Wrist shot by Ryan O'Reilly.
10:55 of 3rd period - Stopped by Andrei Vasilevskiy with a rebound.
10:57 of 3rd period - Snap shot by Kyle Palmieri.
10:57 of 3rd period - Stopped by Andrei Vasilevskiy with a rebound.
11:21 of 3rd period - Wrist shot by Seth Jarvis.
11:21 of 3rd period - Shot Misses the Net.
11:31 of 3rd period - Wrist shot by Ryan O'Reilly.
11:31 of 3rd period - Shot Misses the Net.
11:33 of 3rd period - Snap shot by Victor Hedman.
11:33 of 3rd period - Stopped by Andrei Vasilevskiy with a rebound.
11:35 of 3rd period - Backhand shot by Nikita Zadorov.
11:35 of 3rd period - Stopped by Andrei Vasilevskiy without a rebound.
11:36 of 3rd period - Adam Fantilli wins face-off versus Tim Stutzle in Los Angeles Kings zone.
12:11 of 3rd period - Wrist shot by Jesper Bratt.
12:11 of 3rd period - Stopped by Andrei Vasilevskiy with a rebound.
12:18 of 3rd period - Minor Penalty to Quinn Hughes for Interference.
12:19 of 3rd period - Nikita Kucherov wins face-off versus Adam Fantilli in Colorado Rockies zone.
12:19 of 3rd period - Nikita Kucherov is hit by K'Andre Miller.
12:28 of 3rd period - Snap shot by Nikita Kucherov.
12:28 of 3rd period - Shot Misses the Net.
12:30 of 3rd period - Slapshot by Martin Fehervary.
12:30 of 3rd period - Stopped by Andrei Vasilevskiy with a rebound.
12:44 of 3rd period - Nikita Zadorov is hit by K'Andre Miller and loses puck.
14:18 of 3rd period - Penalty to Quinn Hughes is over, Quinn Hughes is back on ice.
17:07 of 3rd period - Minor Penalty to Vince Dunn for Hooking.
17:08 of 3rd period - Ryan O'Reilly wins face-off versus Andrei Kuzmenko in Colorado Rockies zone.
17:19 of 3rd period - Slapshot by Alexander Romanov.
17:19 of 3rd period - Stopped by Daniil Tarasov with a rebound.
17:33 of 3rd period - Owen Power is hit by Ryan O'Reilly and loses puck.
19:07 of 3rd period - Penalty to Vince Dunn is over, Vince Dunn is back on ice.
19:28 of 3rd period - Slapshot by Vince Dunn.
19:28 of 3rd period - Goal by Vince Dunn - Los Angeles Kings : 3 - Colorado Rockies : 5.
19:29 of 3rd period - Kevin Hayes wins face-off versus Michael Eyssimont in neutral zone.
19:32 of 3rd period - Slapshot by Victor Hedman.
19:32 of 3rd period - Shot Blocked by Noah Dobson.
19:34 of 3rd period - Snap shot by Evgeny Kuznetsov.
19:34 of 3rd period - Deflect By Nick Bonino.
19:34 of 3rd period - Goal by Nick Bonino - Los Angeles Kings : 3 - Colorado Rockies : 6.
19:35 of 3rd period - Jesper Bratt wins face-off versus Michael Eyssimont in neutral zone.
19:40 of 3rd period - Snap shot by Jesper Bratt.
19:40 of 3rd period - Stopped by Andrei Vasilevskiy with a rebound.
19:42 of 3rd period - Slapshot by Nick Schmaltz.
19:42 of 3rd period - Shot Misses the Net.
19:44 of 3rd period - Wrist shot by Nick Schmaltz.
19:44 of 3rd period - Deflect By Michael Bunting.
19:44 of 3rd period - Shot Blocked by Owen Power.
19:44 of 3rd period - Puck is out of play.
19:45 of 3rd period - Nick Schmaltz wins face-off versus Michael Eyssimont in Los Angeles Kings zone.
19:52 of 3rd period - Slapshot by Jesper Bratt.
19:52 of 3rd period - Stopped by Andrei Vasilevskiy with a rebound.
Goals for this period are 0 for Los Angeles Kings vs 3 for Colorado Rockies.
Shots for this period are 4 for Los Angeles Kings vs 22 for Colorado Rockies.
Back to the Top